 Dungeon Crawl Stone Soup version 0.28.0-43-g3370ac3207 (webtiles) character file.

Game seed: 4954517926094055736

10367 sizableburger the Fighter (level 11, -13/90 HPs)
             Began as a Mummy Abyssal Knight on Mar 9, 2022.
             Was an Elder of Lugonu.
             Mangled by a komodo dragon (22 damage)
             ... on level 2 of the Lair of Beasts.
             The game lasted 00:40:42 (19090 turns).

sizableburger the Fighter (Mummy Abyssal Knight)   Turns: 19090, Time: 00:40:43

Health: -13/90     AC: 22    Str: 20    XL:     11   Next: 35%
Magic:  10/16      EV: 10    Int: 10    God:    Lugonu [****..]
Gold:   605        SH:  0    Dex: 13    Spells: 10/10 levels left

rFire   x . .      SeeInvis +   d - +3 trident
rCold   + . .      Faith    +   (no shield)
rNeg    + + +      Spirit   .   h - +4 plate armour {ponderous}
rPois   ∞          Reflect  .   p - +0 helmet
rElec   .          Harm     .   l - +0 cloak
rCorr   .          Rampage  .   (no gloves)
Will    +....                   g - +2 pair of boots
Stlth   ..........              t - amulet of faith
HPRegen 0.25/turn               b - ring of see invisible
MPRegen 0.15/turn               s - +4 ring of evasion

@: slow
A: cold resistance 1, negative energy resistance 3, torment resistance 2, heat
vulnerability 1, no potions
a: Renounce Religion, Depart the Abyss, Bend Space, Banish, Corrupt


You were on level 2 of the Lair of Beasts.
You worshipped Lugonu.
Lugonu was greatly pleased with you.
You visited 2 branches of the dungeon, and saw 12 of its levels.
You visited the Abyss 1 time.

You collected 1229 gold pieces.
You spent 624 gold pieces at shops.

Inventory:

Hand Weapons
 d - a +3 trident (weapon)
Armour
 g - a +2 pair of boots (worn)
 h - a +4 plate armour of ponderousness (worn)
 j - a +1 scale mail
 l - a +0 cloak (worn)
 o - a +0 plate armour
 p - a +0 helmet (worn)
 y - a scarf of harm
Jewellery
 a - a ring of resist corrosion
 b - a ring of see invisible (left hand)
 n - a ring of ice
 s - a +4 ring of evasion (right hand)
 t - an amulet of faith (around neck)
 u - a ring of willpower
 w - an amulet of guardian spirit
Wands
 m - a wand of flame (28)
 r - a wand of iceblast (10)
 v - a wand of acid (5)
Scrolls
 c - 3 scrolls of immolation
 e - 2 scrolls of magic mapping
 f - 3 scrolls of blinking
 i - 4 scrolls of fear
 k - a scroll of teleportation
 q - 7 scrolls of identify
 x - a scroll of summoning


   Skills:
 + Level 9.9 Fighting
 + Level 9.5 Polearms
 - Level 5.7 Armour
 - Level 0.7 Dodging
 + Level 7.9 Invocations
 - Level 0.1 Evocations


You had 10 spell levels left.
You didn't know any spells.
Your spell library contained the following spells:

 Spells                   Type           Power      Damage    Failure   Level
 Pain                     Necr           0%         1d4       100%        1
 Gell's Gravitas          Tloc           0%         N/A       100%        3
 Lesser Beckoning         Tloc           0%         N/A       100%        3
 Teleport Other           Tloc           0%         N/A       100%        3
 Animate Dead             Necr           0%         N/A       100%        4
 Agony                    Necr           0%         N/A       100%        5
 Excruciating Wounds      Necr           0%         N/A       100%        5
 Haunt                    Necr/Summ      0%         N/A       100%        7
 Infestation              Necr           0%         N/A       100%        8


Dungeon Overview and Level Annotations

Branches:
Dungeon (10/15)            Temple (0/1) D:6            Lair (2/6) D:9
    Orc (0/2) D:9
  Swamp: Lair:2-4    Shoals: Lair:2-4     Snake: Lair:2-4    Spider: Lair:2-4

Altars:
Ashenzari
Cheibriados
Dithmenos
Elyvilon
Gozag
Hepliaklqana
Makhleb
Nemelex Xobeh
Okawaru
Ru
Sif Muna
Uskayaw
Wu Jian
Xom
Zin
The Shining One

Shops:
D:4 *   D:8 =

Annotations:
D:7 5 runed translucent doors
D:8 3 runed translucent doors, didgeridoom's ghost, novice MiBe
Abyss:1 Erica; Sigmund


Innate Abilities, Weirdness & Mutations

You are immune to poison.
Your flesh is cold resistant. (rC+)
You are immune to negative energy. (rN+++)
You are immune to unholy pain and torment.
You are vulnerable to heat. (rF-)
You do not drink.


Message History

You closely miss the komodo dragon.
The komodo dragon is lightly wounded.
The komodo dragon bites you!
You hit the komodo dragon but do no damage.
The komodo dragon is lightly wounded.
You hit the komodo dragon.
The komodo dragon is moderately wounded.
The komodo dragon bites you!
You are too injured to fight recklessly!
You are too injured to fight recklessly!
You hit the komodo dragon but do no damage.
The komodo dragon is moderately wounded.
The komodo dragon barely misses you.
You closely miss the komodo dragon.
The komodo dragon is moderately wounded.
The komodo dragon closely misses you.
You hit the komodo dragon.
The komodo dragon is moderately wounded.
The komodo dragon bites you.
You hit the komodo dragon but do no damage.
The komodo dragon is moderately wounded.
The komodo dragon bites you but does no damage.
You hit the komodo dragon.
The komodo dragon is heavily wounded.
The komodo dragon bites you.
You puncture the komodo dragon!
The komodo dragon is severely wounded.
You hit the komodo dragon but do no damage.
You punch the komodo dragon, but do no damage.
The komodo dragon is severely wounded.
The komodo dragon bites you.
* * * LOW HITPOINT WARNING * * *
You hit the komodo dragon but do no damage.
The komodo dragon is severely wounded.
The komodo dragon bites you!
* * * LOW HITPOINT WARNING * * *
Press: ? - help, Shift-Dir - straight line, f/p - komodo dragon
Aim: a komodo dragon (severely wounded, chance to affect: 71%)
The komodo dragon struggles to resist.
The komodo dragon bites you!!
You die...

#.....P#. ...
......... P$P.
##.......
....#+#......#
.............###
................
.........l......
........@.......
.......<......#P
...........!..#
.###..........#
##.#.#.......
............
.............
#.....#.....##
#....#. ....#


You could see a komodo dragon.

Vanquished Creatures
  A cane toad (D:9)
  A komodo dragon (Lair:1)
  A polar bear (Lair:2)
  A troll (D:8)
  A wraith (D:10)
  4 yaks (D:8)
  A hog (shapeshifter) (D:10)
  A basilisk (Lair:1)
  2 steam dragons
  2 water moccasins
  4 sky beasts
  3 ice beasts
  4 black bears
  A hornet zombie (D:5)
  4 orc warriors
  4 ogres
  3 necrophages
  2 centaurs
  4 kobold brigands
  4 bullfrogs
  A wyvern zombie (D:5)
  4 scorpions
  2 water moccasin zombies (D:5)
  A water moccasin skeleton (D:5)
  8 killer bees
  5 wights
  An electric eel (Lair:1)
  2 howler monkeys (D:9)
  A bullfrog zombie (D:6)
  3 centaur zombies
  2 jellies
  2 centaur skeletons
  7 orc priests
  4 hounds
  4 gnoll shamans
  3 iron imps (D:4)
  A scorpion zombie (D:5)
  4 iguanas
  12 orc wizards
  2 hound skeletons (D:5)
  2 howler monkey zombies (D:9)
  14 gnolls
  A howler monkey skeleton (D:4)
  8 adders
  A shadow imp (D:6)
  4 white imps
  2 ufetubi
  4 worms
  6 dart slugs
  62 orcs
  8 ball pythons
  8 bats
  9 endoplasms
  5 giant cockroaches
  3 goblins
  9 hobgoblins
  3 jackals
  19 kobolds
  3 quokkas
  3 frilled lizards
  7 rats
298 creatures vanquished.

Vanquished Creatures (others)
  6 fungi (D:8)
  14 plants
20 creatures vanquished.

Grand Total: 318 creatures vanquished

Notes
Turn   | Place    | Note
-------+----------+-------------------------------------------
     0 | Abyss:1  | sizableburger the Mummy Abyssal Knight began the quest for
                  | the Orb.
     0 | Abyss:1  | Reached XP level 1. HP: 18/18 MP: 2/2
    30 | Abyss:1  | Noticed a hellwing
    42 | D:1      | Escaped the Abyss
   123 | D:1      | Reached * piety under Lugonu
   320 | D:1      | Found a faded altar of an unknown god.
   335 | D:1      | Reached XP level 2. HP: 22/24 MP: 3/3
   692 | D:1      | Reached XP level 3. HP: 22/29 MP: 4/4
   800 | D:1      | You fall into a shaft and drop 1 floor!
  1193 | D:2      | Reached XP level 4. HP: 37/37 MP: 5/5
  1215 | D:2      | Reached ** piety under Lugonu
  2176 | D:3      | Found a hazy altar of Hepliaklqana.
  2390 | D:3      | Found a shadowy altar of Dithmenos.
  2390 | D:3      | Found an ornate altar of the Wu Jian Council.
  3117 | D:4      | Noticed Sigmund
  3141 | D:3      | Reached XP level 5. HP: 27/43 MP: 6/6
  3451 | D:4      | Found Riruodi's Assorted Antiques.
  3502 | D:4      | Reached *** piety under Lugonu
  3757 | D:4      | Found an opulent altar of Gozag.
  3833 | D:4      | Noticed an ogre
  4116 | D:4      | Noticed an ogre
  4139 | D:5      | Entered Level 5 of the Dungeon
  4643 | D:5      | Reached XP level 6. HP: 26/50 MP: 6/8
  4833 | D:5      | Reached skill level 5 in Fighting
  5699 | D:5      | Reached XP level 7. HP: 43/56 MP: 9/9
  6578 | D:5      | Reached skill level 5 in Polearms
  6776 | D:5      | Reached skill level 5 in Invocations
  7168 | D:4      | Noticed a hornet
  7175 | D:4      | Banished a hornet
  7176 | D:4      | Reached XP level 8. HP: 62/62 MP: 6/12
  7269 | D:4      | Found a burning altar of Makhleb.
  7597 | D:4      | Banished Sigmund
  8799 | D:5      | Reached XP level 9. HP: 41/69 MP: 13/13
  9309 | D:4      | Bought a runed plate armour for 624 gold pieces
  9968 | D:6      | Found a hide-covered altar of Uskayaw.
 10107 | D:6      | Found a staircase to the Ecumenical Temple.
 10955 | D:7      | Found a sacrificial altar of Ru.
 11143 | D:7      | Found a runed translucent door.
 11146 | D:7      | Found a runed translucent gate.
 11147 | D:7      | Found a runed translucent gate.
 11149 | D:7      | Found the +9 staff of Olgreb {rPois∞}
 11153 | D:7      | Found a runed translucent door.
 11178 | D:7      | Found a runed translucent gate.
 11423 | D:7      | HP: 1/72 [killer bee (5)]
 11807 | D:7      | Reached **** piety under Lugonu
 12061 | D:7      | Found a snail-covered altar of Cheibriados.
 12356 | D:8      | Noticed didgeridoom's ghost (novice MiBe)
 12358 | D:8      | Found Itun's Jewellery Shop.
 12360 | D:8      | Found a runed translucent gate.
 12360 | D:8      | Found a runed translucent gate.
 12360 | D:8      | Found a runed translucent gate.
 12372 | D:8      | Reached XP level 10. HP: 71/79 MP: 14/14
 12685 | D:8      | Reached skill level 5 in Armour
 15043 | D:9      | Found a staircase to the Orcish Mines.
 15217 | D:9      | Found a staircase to the Lair.
 15365 | D:9      | Found an iron altar of Okawaru.
 15406 | D:9      | Noticed a cyclops
 15407 | D:9      | Noticed a five-headed hydra
 15407 | D:9      | Noticed a cyclops
 15412 | D:9      | Noticed a boulder beetle
 15528 | D:9      | Identified the +3 hunting sling of the Doomed Warrior
                  | {vorpal, rF+ Will+ SInv}
 15558 | D:9      | Found a shimmering altar of Xom.
 15564 | D:9      | Found a sparkling altar of Nemelex Xobeh.
 15569 | D:9      | Found a shimmering blue altar of Sif Muna.
 15888 | D:9      | Reached ***** piety under Lugonu
 16478 | Lair:1   | Entered Level 1 of the Lair of Beasts
 16481 | Lair:1   | Noticed a cane toad
 16488 | Lair:1   | Noticed a cane toad
 16729 | D:10     | Entered Level 10 of the Dungeon
 17080 | D:10     | Reached XP level 11. HP: 84/89 MP: 16/16
 17285 | D:10     | Found a broken altar of Ashenzari.
 18126 | Lair:1   | Noticed Erica
 18128 | Lair:1   | Banished Erica
 19073 | Lair:2   | Noticed an eight-headed hydra
 19075 | Lair:2   | Banished an eight-headed hydra
 19090 | Lair:2   | Mangled by a komodo dragon

Illustrated notes

Levels and vault maps discovered:
D:1:      lightli_arrival_isolated_outpost, layout_basic,
          shapermc_ecumenical_altar_starsandcircs
D:2:      layout_loops_ring, minmay_circled_x
D:3:      layout_rooms, good_gods_temple_1, mainiacjoe_overflow_catwalk,
          jmf_multi_god_temple, serial_bayou_pond_d, roderic_serpentine_path,
          minmay_box_of_dots
D:4:      layout_basic, nicolae_gozag_seed_capital, demons_altar, serial_shops,
          nicolae_shop_advertising_works [nicolae_subvault_shop_adworks],
          uniq_sigmund
D:5:      minmay_polygon_palace, layout_loops_corners,
          hellmonk_bongcloud_opening
D:6:      lemuel_ice_spiral_2, layout_rooms,
          mainiacjoe_overflow_small_starburst, minmay_temple_entry_junction
D:7:      layout_loops_ring, nicolae_ru_sacrificial_ziggurat,
          mainiacjoe_overflow_six_doors_small,
          minmay_guarded_unrand_staff_of_olgreb
D:8:      kennysheep_seaside_town, layout_basic, serial_shops, shop,
          gammafunk_ghost_split
D:9:      layout_loops_ring, minmay_overflow_temple_star_quad,
          mainiacjoe_overflow_24_doors, lair_entry_dummy, orc_0_dummy,
          onia_ninara_dug_in_and_dangerous
D:10:     layout_loops_cross, ashenzari_conservatory_becter,
          nrook_mini_backslash
Lair:1:   layout_misc_corridors, infiniplex_staircase_pool, grunt_megastairs_1,
          lemuel_fruit_tree, uniq_erica
Lair:2:   layout_regular_city, spider_nest_entry_webs, wad_woods_road_03,
          chequers_serial_rivers_small_3, serial_bayou_pond_d

Skill      XL: |  1  2  3  4  5  6  7  8  9 10 |
---------------+-------------------------------+-----
Polearms       | 2 3 4 5 6 7 9 |  9.5
Fighting       | 4 5 7 9 |  9.9
Invocations    | 2 3 5 6 7 |  7.9
Armour         | 2 4 5 |  5.7
Dodging        | |  0.7
Evocations     | |  0.1

Action                   |  1- 3 |  4- 6 |  7- 9 | 10-12 || total
-------------------------+-------+-------+-------+-------++-------
Melee: Spear             |   117 |   335 |    94 |       ||   546
       Punch             |     2 |     6 |    12 |    12 ||    32
       Trident           |       |       |   497 |   631 ||  1128
Invok: Depart the Abyss  |     1 |       |       |       ||     1
       Banish            |       |       |     4 |     6 ||    10
       Bend Space        |       |       |     3 |       ||     3
  Use: Scroll            |     1 |     7 |     8 |     1 ||    17
 Stab: Sleeping          |     1 |       |       |       ||     1
Armor: Leather armour    |    21 |     8 |       |       ||    29
       Scale mail        |       |   106 |   124 |       ||   230
       Ring mail         |       |    17 |       |       ||    17
       Plate armour      |       |       |   163 |   362 ||   525
Dodge: Dodged            |    59 |   109 |   203 |   188 ||   559
